 Dungeon Crawl Stone Soup version 0.31-a0-574-g69dc8cc98e (webtiles) character file.

Game seed: 13910229327232789249

189 Dordric the Ruffian (level 5, -14/33 HPs)
             Began as an Octopode Shapeshifter on Aug 18, 2023.
             Shot with an arrow by a centaur (17 damage)
             ... on level 5 of the Dungeon.
             The game lasted 00:02:35 (3053 turns).

Dordric the Ruffian (Octopode Shapeshifter)         Turns: 3053, Time: 00:02:36

Health: -14/33     AC:  1    Str: 17    XL:     5   Next: 68%
Magic:  5/5        EV: 13    Int: 10    God:
Gold:   206        SH:  0    Dex: 12    Spells: 4/4 levels left

rFire   . .          .
                       - Unarmed
rCold   . . .        (no shield)
rNeg    . . .        (helmet currently unavailable)
rPois   .            i - amulet of the acrobat
rElec   .            (no ring)
rCorr   .            (no ring)
SInv    .            (no ring)
Will    .....        (no ring)
Stlth   ++           (no ring)
HPRegen 0.25/turn    (no ring)
MPRegen 0.09/turn    (no ring)
                     (no ring)

%: acrobat
@: beast-form
A: beast (slay +2), almost no armour, amphibious, 8 rings, camouflage 1,
gelatinous body 1, (nimble swimmer 1), tentacles
a: Begin Untransformation


You were on level 5 of the Dungeon.
You were a hulking beast.
You visited 1 branch of the dungeon, and saw 5 of its levels.

You collected 206 gold pieces.

Inventory:

Armour
 n - a +2 hat of stealth
Jewellery
 i - an amulet of the acrobat (around mantle)
Talismans
 b - a beast talisman (active)
 c - a flux talisman
Scrolls
 f - a scroll of fog
 g - 2 scrolls of blinking
 j - a scroll of enchant weapon
 k - a scroll of teleportation {unknown}
 l - 2 scrolls of enchant armour
 o - a scroll of identify
Potions
 a - a potion of lignification
 d - a potion of magic
 e - 2 potions of heal wounds {unknown}
 h - a potion of mutation {unknown}
 m - a potion of brilliance {unknown}
 p - a potion of attraction {unknown}
 q - a potion of curing {unknown}


   Skills:
 - Level 1.0 Fighting
 - Level 2.0 Dodging
 + Level 4.8 Unarmed Combat
 + Level 4.3 Shapeshifting


You had 4 spell levels left.
You didn't know any spells.
Your spell library was empty.

Dungeon Overview and Level Annotations

Branches:
Dungeon (5/15)
 Temple: D:4-7

Altars:
Ashenzari
Dithmenos
Elyvilon
Fedhas
Uskayaw
Zin

Shops:
D:4 [


Innate Abilities, Weirdness & Mutations

You are a hulking beast.
Your limbs bulge with bestial killing power. (Slay +2)
You cannot wear most types of armour.
You are amphibious.
You can wear up to eight rings at the same time.
Your skin changes colour to match your surroundings (Stealth+).
Your rubbery body absorbs attacks. (AC +1, EV +1)
((You are camouflaged when in or above water. (Stealth+)))
You have tentacles for arms and can constrict up to eight enemies at once.


Message History

You tentacle-slap the orc priest. You squeeze the orc priest.
You kill the orc priest!
The orc hits you with a +0 dagger.
You tentacle-slap the orc. You grab the orc.
The orc is heavily wounded.
You constrict the orc. The orc hits you with a +0 dagger.
You tentacle-slap the orc but do no damage.
The orc is severely wounded.
You constrict the orc. The orc hits you with a +0 dagger.
You tentacle-slap the orc but do no damage.
The orc is almost dead.
You constrict the orc.
You kill the orc!
No target in view!
No target in view!
No target in view!
No target in view!
No target in view!
No target in view!
HP restored.
e - 2 white potions (gained 1)
A centaur comes into view.
Found 16 gold pieces.
Found a stone staircase leading down.
The centaur shouts!
The centaur wields a +0 orcbow.
The centaur shoots an arrow.
The arrow hits you!
The centaur shoots an arrow.
The arrow completely misses you.
The centaur shoots an arrow.
The arrow hits you!
Ouch! That really hurt!
* * * LOW HITPOINT WARNING * * *
A scorpion comes into view.
The centaur shoots an arrow.
The arrow barely misses you.
The scorpion puts on a burst of speed as it pursues you!
Blink to where?
Press: ? - help, Dir - move target
As you read the scroll of blinking, it crumbles to dust.
The centaur shoots an arrow.
The arrow hits you!
Ouch! That really hurt!
You die...

.##.... .........######.##
.....### #...#..........##
.......## #[.)#ยง#####......
...###..#### #.)..### .....
...........# ###....###......
....##.....#### #..#.c.c.>...$
..#.#####.....###......#[.....
..#.# #......)#.####.# ....#
###.# #.......h..# #... ....
#.# ############ ###.. ... #.#
... .. #.. .. . .. ...


You could see a centaur.

Vanquished Creatures
  An orc priest (D:5)
  An iguana (D:4)
  An orc wizard (D:5)
  5 adders
  A dart slug (D:3)
  5 orcs
  6 ball pythons
  3 endoplasms
  3 giant cockroaches
  3 goblins
  3 hobgoblins
  6 jackals
  2 kobolds (D:3)
  5 quokkas
  4 bats
  4 frilled lizards
  6 rats
59 creatures vanquished.

Notes
Turn   | Place    | Note
-------+----------+-------------------------------------------
     0 | D:1      | Dordric the Octopode Shapeshifter began the quest for the
                  | Orb.
     0 | D:1      | Reached XP level 1. HP: 13/13 MP: 1/1
    52 | D:1      | Found a faded altar of an unknown god.
   148 | D:1      | Reached XP level 2. HP: 13/18 MP: 2/2
   858 | D:2      | Found a blossoming altar of Fedhas.
   955 | D:2      | Reached XP level 3. HP: 16/23 MP: 3/3
  1271 | D:3      | Found a glowing silver altar of Zin.
  1271 | D:3      | Found a hide-covered altar of Uskayaw.
  1279 | D:3      | Found a shadowy altar of Dithmenos.
  1281 | D:3      | Found a broken altar of Ashenzari.
  1282 | D:3      | Found a white marble altar of Elyvilon.
  1287 | D:3      | Reached XP level 4. HP: 28/28 MP: 4/4
  2199 | D:4      | Found Qolezegg's Armour Emporium.
  2614 | D:4      | Reached XP level 5. HP: 33/33 MP: 5/5
  2912 | D:5      | Entered Level 5 of the Dungeon
  3038 | D:5      | Noticed a centaur
  3053 | D:5      | Shot with an arrow by a centaur

Illustrated notes

Levels and vault maps discovered:
D:1:      dreamdust_arrival_sigmund_warning, layout_loops_ring,
          ebering_ecumenical_altar_petrified
D:2:      layout_rooms, basic_altar, wad_floor_pattern_1
D:3:      layout_loops_cross, chequers_temple_overflow_minitemple,
          amcnicky_mini_rare_corridor_liquid, roderic_serpentine_path,
          minmay_shallow_snake_nest
D:4:      layout_basic, nicolae_take_the_stairs
D:5:      layout_rooms, kennysheep_little_box, serial_shops,
          nicolae_shop_crystal, uniq_crazy_yiuf_cottage

Skill      XL: |  1  2  3  4 |
---------------+-------------+-----
Unarmed Combat | 4 |  4.8
Shapeshifting  | 4 |  4.3
Fighting       | |  1.0
Dodging        | |  2.0

Action                     |  1- 3 |  4- 6 || total
---------------------------+-------+-------++-------
  Melee: Unarmed           |    53 |    54 ||   107
         Constrict         |    16 |    14 ||    30
         Punch             |     3 |     1 ||     4
         Tentacles         |     6 |    12 ||    18
    Use: Scroll            |       |     6 ||     6
   Stab: Sleeping          |     9 |     4 ||    13
 Armour: Skin              |     3 |     2 ||     5
  Dodge: Dodged            |    29 |    23 ||    52

Table legend: (Time is in decaauts)
 A = Elapsed time spent in this place.
 B = Non-inter-level travel time spent in this place.
 C = Inter-level travel time spent in this place.
 D = Time resting spent in this place.
 E = Time spent auto-exploring this place.
 F = Levels seen in this place.
 G = Mean time per level.
                   A        B        C        D        E       F      G
               +--------+--------+--------+--------+--------+-----+--------+
         Total |   3044 |   2931 |    113 |     12 |   2481 |   5 |  608.8 |
       Dungeon |   3044 |   2931 |    113 |     12 |   2481 |   5 |  608.8 |
               +--------+--------+--------+--------+--------+-----+--------+

Top non-repeatable levels by time:
     D:4: 880 daAuts
     D:3: 768 daAuts
     D:1: 744 daAuts
     D:2: 511 daAuts
     D:5: 140 daAuts
